 Dungeon Crawl Stone Soup version 0.29-a0-330-g52719c12eb (webtiles) character file.

Game seed: 2464316648539912101

723 Crownlay the Archer (level 7, 0/33 HPs)
             Began as a Spriggan Hunter on May 13, 2022.
             Succumbed to a kobold brigand's curare-tipped dart
             ... on level 4 of the Dungeon.
             The game lasted 00:09:19 (4610 turns).

Crownlay the Archer (Spriggan Hunter)               Turns: 4610, Time: 00:09:20

Health: 0/33       AC:  2    Str:  4 (7)  XL:     7   Next: 43%
Magic:  1/8        EV: 18    Int:  7 (10) God:
Gold:   254        SH:  0    Dex: 20 (21) Spells: 6/6 levels left

rFire   . . .      SeeInvis +   a - +1 shortbow
rCold   . . .      Faith    .   (shield currently unavailable)
rNeg    . . .      Spirit   +   b - +0 robe
rPois   .          Reflect  .   (helmet restricted)
rElec   .          Harm     .   (no cloak)
rCorr   .          Rampage  .   (gloves unavailable)
Will    +....                   (boots unavailable)
Stlth   ++++......              q - amulet of guardian spirit
HPRegen 0.11/turn               (no ring)
MPRegen 0.11/turn               (no ring)

@: lethally poisoned (0 -> -3), slowed, quick
A: very small, no large weapons, unfitting armour, see invisible, speed 3
a: no special abilities


You were on level 4 of the Dungeon.
You visited 2 branches of the dungeon, and saw 5 of its levels.

You collected 254 gold pieces.

Inventory:

Hand Weapons
 a - a +1 shortbow (weapon)
Armour
 b - a +0 robe (worn)
Jewellery
 q - an amulet of guardian spirit (around neck)
Scrolls
 c - 2 scrolls of immolation
 g - a scroll of silence
 i - a scroll of enchant armour {unknown}
 j - a scroll of blinking
 k - a scroll of magic mapping
 m - a scroll of teleportation
 n - 2 scrolls of noise {unknown}
 r - a scroll of vulnerability {unknown}
 s - 2 scrolls of enchant weapon {unknown}
Potions
 d - a potion of degeneration
 e - a potion of haste
 f - 2 potions of brilliance
 h - a potion of resistance {unknown}
 l - 2 potions of invisibility {unknown}
 p - a potion of might {unknown}


   Skills:
 - Level 1.5 Fighting
 * Level 9.4 Bows
 - Level 2.6 Dodging
 + Level 7.4 Stealth


You had 6 spell levels left.
You didn't know any spells.
Your spell library contained the following spells:

 Spells                   Type           Power      Damage    Failure   Level
 Confusing Touch          Hex            0%         N/A       80%         3
 Dazzling Flash           Conj/Hex       0%         N/A       80%         3
 Portal Projectile        Hex/Tloc       0%         N/A       80%         3
 Agony                    Necr           0%         N/A       100%        5
 Blade Hands              Tmut           0%         N/A       100%        5
 Excruciating Wounds      Necr           0%         N/A       100%        5
 Silence                  Hex/Air        0%         N/A       100%        5
 Yara's Violent Unravell  Hex/Tmut       0%         3d3       100%        5
 Enfeeble                 Hex            0%         N/A       100%        7


Dungeon Overview and Level Annotations

Branches:
Dungeon (4/15)             Temple (1/1) D:4

Altars:
Ashenzari
Elyvilon
Fedhas
Gozag
Hepliaklqana
Makhleb
Ru
Trog
Uskayaw
Yredelemnul
Zin
The Shining One

Annotations:
D:4 1 runed translucent door, Crazy Yiuf


Innate Abilities, Weirdness & Mutations

You are very small and have problems with some larger weapons.
You are too small for most types of armour.
You have supernaturally acute eyesight. (SInv)
You cover ground extremely quickly. (Speed+++)


Message History

The curare-tipped dart closely misses you.
The kobold brigand throws a curare-tipped dart.
The curare-tipped dart barely misses you.
Shoot: a) +1 shortbow
Press: ? - help, Shift-Dir - straight line, f/p - kobold brigand
Aim: a kobold brigand, wielding a +0 whip and quivering curare-tipped darts (severely wounded, inner flame, 61% to hit)
You shoot an arrow.
The arrow hits the kobold brigand but does no damage.
The kobold brigand is severely wounded.
The kobold brigand throws a curare-tipped dart.
The curare-tipped dart closely misses you.
Shoot: a) +1 shortbow
Press: ? - help, Shift-Dir - straight line, f/p - kobold brigand
Aim: a kobold brigand, wielding a +0 whip and quivering curare-tipped darts (severely wounded, inner flame, 61% to hit)
You shoot an arrow.
The arrow hits the kobold brigand but does no damage.
The kobold brigand is severely wounded.
You feel a little less clever now.
The kobold brigand throws a curare-tipped dart.
The curare-tipped dart hits you.
You are poisoned.
You have difficulty breathing.
* * * LOW HITPOINT WARNING * * *
You feel as though you will be slow longer.
Okay, then.
* * * LOW HITPOINT WARNING * * *
You feel sick.
Shoot: a) +1 shortbow
Press: ? - help, Shift-Dir - straight line, f/p - kobold brigand
Aim: a kobold brigand, wielding a +0 whip and quivering curare-tipped darts (severely wounded, inner flame, 61% to hit)
You shoot an arrow.
The arrow barely misses the kobold brigand.
* * * LOW HITPOINT WARNING * * *
You feel sick.
The kobold brigand completely misses you.
Shoot: a) +1 shortbow
Press: ? - help, Shift-Dir - straight line, f/p - kobold brigand
Aim: a kobold brigand, wielding a +0 whip and quivering curare-tipped darts (severely wounded, inner flame, 61% to hit)
You shoot an arrow. The arrow misses the kobold brigand.
You die...

...g#....##.####....##.......#
....##.......#.......)......##
.>...#.....###..............#
............##............###
............##............#
...............##.........#
####
...............#.........##
#)..
..........).....K.........#
#...
.......##.#.....@.....##..#
...
......###.#.....)...#######
#+#
.........#..##))###)..#####
♣.♣
#........#......###.......#
♣♣.
#)..^............##..#...## ♣.
......###........#...##...# ♣♣
........).................#
♣♣.
#.....†..............#....#
♣♣..
...#................##....#
♣...


You could see a kobold brigand (inner flame).

Vanquished Creatures
  Edmund (D:4)
  An ogre (D:4)
  2 black bears
  An orc priest (D:4)
  Natasha (D:2)
  2 orc wizards (D:4)
  9 gnolls (D:3)
  5 adders
  A worm (D:2)
  2 dart slugs (D:4)
  5 orcs
  5 endoplasms
  3 giant cockroaches
  11 goblins
  11 hobgoblins
  4 jackals (D:1)
  8 quokkas
  10 ball pythons
  10 bats
  3 frilled lizards
  7 kobolds
  8 rats
110 creatures vanquished.

Vanquished Creatures (others)
  47 plants (D:3)
47 creatures vanquished.

Grand Total: 157 creatures vanquished

Notes
Turn   | Place    | Note
-------+----------+-------------------------------------------
     0 | D:1      | Crownlay the Spriggan Hunter began the quest for the Orb.
     0 | D:1      | Reached XP level 1. HP: 10/10 MP: 2/2
    47 | D:1      | Reached skill level 5 in Bows
   205 | D:1      | Reached XP level 2. HP: 14/14 MP: 3/3
   604 | D:1      | Reached XP level 3. HP: 18/18 MP: 4/4
   932 | D:2      | Noticed a black bear
   943 | D:2      | Killed a black bear
   944 | D:2      | Reached skill level 6 in Bows
   944 | D:2      | Reached XP level 4. HP: 22/22 MP: 5/5
  1170 | D:2      | Reached XP level 5. HP: 25/25 MP: 6/6
  1291 | D:2      | Reached skill level 7 in Bows
  1362 | D:2      | You fall into a shaft and drop 2 floors!
  1414 | D:3      | Noticed a black bear
  1524 | D:3      | Killed a black bear
  1525 | D:3      | Reached skill level 5 in Stealth
  1525 | D:3      | Reached XP level 6. HP: 14/30 MP: 7/7
  1694 | D:3      | Found a basalt altar of Yredelemnul.
  2103 | D:3      | Reached skill level 8 in Bows
  2498 | D:2      | Noticed Natasha
  2505 | D:2      | Killed Natasha
  2593 | D:2      | Noticed a floating eye
  2594 | D:2      | Found a faded altar of an unknown god.
  2598 | D:2      | Noticed a golden eye
  2598 | D:2      | Noticed a floating eye
  2598 | D:2      | Noticed a golden eye
  3312 | D:4      | Found a staircase to the Ecumenical Temple.
  3325 | Temple   | Entered the Ecumenical Temple
  3581 | D:4      | HP: 1/30 [ogre/+0 giant club (29)]
  3916 | D:4      | Found a runed translucent door.
  3917 | D:4      | Noticed Crazy Yiuf
  3973 | D:4      | Noticed Edmund
  4017 | D:4      | Killed Edmund
  4018 | D:4      | Reached skill level 9 in Bows
  4018 | D:4      | Reached XP level 7. HP: 33/33 MP: 8/8
  4123 | D:4      | HP: 1/33 [poisoned by an adder]
  4564 | D:4      | HP: 1/33 [poisoned by a kobold brigand (curare-tipped
                  | dart)]
  4609 | D:4      | HP: 1/33 [poisoned by a kobold brigand (curare-tipped
                  | dart)]
  4610 | D:4      | Succumbed to a kobold brigand's curare-tipped dart

Illustrated notes

Levels and vault maps discovered:
D:1:      erik_arrival_triangle_large, layout_loops_ring, minmay_bisected
D:2:      layout_basic, hellmonk_ecumenical_altar_watching_god,
          minmay_misc_feat_rows, minivault_24, minmay_misc_feat_tiny,
          minmay_3d_cube, uniq_natasha
D:3:      wad_woods_stonehenge, layout_basic, guppyfry_early_orc_mine
D:4:      minmay_spotlight, layout_cave_pools, minmay_temple_entry_wispy,
          uniq_crazy_yiuf_cottage, uniq_edmund
Temple:   minmay_temple_curvy_loop

Skill      XL: |  1  2  3  4  5  6 |
---------------+-------------------+-----
Bows           | 5 6 7 9 |  9.4
Stealth        | 2 4 5 7 |  7.4
Fighting       | |  1.5
Dodging        | |  2.6

Action                   |  1- 3 |  4- 6 |  7- 9 || total
-------------------------+-------+-------+-------++-------
 Fire: Shortbow          |    71 |   201 |    57 ||   329
  Use: Scroll            |       |     4 |     1 ||     5
       Potion            |       |       |     5 ||     5
Armor: Robe              |     2 |       |       ||     2
Dodge: Dodged            |    10 |    48 |    17 ||    75

Table legend: (Time is in decaauts)
 A = Elapsed time spent in this place.
 B = Non-inter-level travel time spent in this place.
 C = Inter-level travel time spent in this place.
 D = Time resting spent in this place.
 E = Time spent auto-exploring this place.
 F = Levels seen in this place.
 G = Mean time per level.
                   A        B        C        D        E       F      G
               +--------+--------+--------+--------+--------+-----+--------+
         Total |   3460 |   3409 |     51 |      3 |   2728 |   5 |  692.0 |
       Dungeon |   3326 |   3290 |     36 |      3 |   2610 |   4 |  831.5 |
        Temple |    134 |    120 |     14 |      0 |    117 |   1 |  134.0 |
               +--------+--------+--------+--------+--------+-----+--------+

Top non-repeatable levels by time:
     D:3: 1051 daAuts
     D:4: 964 daAuts
     D:2: 661 daAuts
     D:1: 649 daAuts
  Temple: 134 daAuts
